Map: Void Training Stage 3

Players

Guilo - Winner!

  • Race: Protoss Protoss
  • League: Platinum
  • Spawn Location: 6:00

Player 2

  • Race: Zerg Zerg
  • Spawn Location: 12:00

VOD

Have the link to the VOD?

Description

Time

  • Played on: April 8, 2020, 7:15 p.m.
  • Length: 13:26
Show
View Real Time Build Order
Export as new Build Order

Guilo Protoss - Winner!

Build Orders: Archon Immortal 

Get SALT Encoding   

  12  0:00  Probe  
  13  0:12  Probe  
  14  0:19  Pylon  
  14  0:25  Probe (Chrono Boost)  
  15  0:38  Probe (Chrono Boost)  
  15  0:39  Gateway  
  16  0:44  Probe (Chrono Boost)  
  17  0:53  Probe, Assimilator  
  18  1:05  Probe  
  19  1:17  Probe  
  20  1:27  Cybernetics Core  
  20  1:29  Probe  
  21  1:33  Assimilator  
  21  1:41  Probe  
  22  1:53  Probe, Nexus  
  23  1:59  Warp Gate (Chrono Boost)  
  23  2:01  Pylon  
  23  2:13  Pylon  
  23  2:19  Adept, Probe  
  26  2:31  Probe  
  26  2:33  Robotics Facility  
  27  2:43  Probe  
  28  2:48  Gateway  
  28  2:55  Probe  
  29  3:00  Gateway  
  29  3:07  Probe  
  29  3:12  Probe  
  31  3:19  Probe  
  32  3:21  Observer (Chrono Boost)  
  32  3:24  Probe  
  34  3:28  Gateway  
  34  3:31  Probe  
  35  3:35  Observer (Chrono Boost)  
  35  3:36  Probe  
  35  3:38  Forge  
  37  3:45  Stalker  
  37  3:46  Sentry  
  41  3:48  Probe  
  41  3:50  Probe  
  43  3:57  Assimilator  
  43  3:59  Assimilator  
  43  4:04  Pylon  
  43  4:08  Probe  
  43  4:09  Probe  
  45  4:20  Immortal, Probe  
  45  4:21  Probe  
  51  4:25  Protoss Ground Weapons Level 1 (Chrono Boost)  
  51  4:32  Probe  
  51  4:33  Probe  
  53  4:41  Stalker  
  53  4:42  Stalker  
  53  4:44  Sentry  
  53  4:45  Probe x2  
  61  4:51  Pylon  
  61  4:55  Pylon  
  61  4:57  Probe  
  62  5:09  Immortal, Probe  
  62  5:11  Stalker  
  69  5:18  Twilight Council  
  69  5:27  Probe  
  69  5:28  Probe  
  71  5:42  Nexus  
  71  5:44  Probe  
  71  5:45  Probe  
  71  5:47  Pylon  
  71  5:49  Pylon  
  73  5:55  Pylon  
  73  5:58  Charge (Chrono Boost)  
  73  6:08  Templar Archives  
  73  6:09  Pylon  
  73  6:11  Probe x2  
  75  6:19  Photon Cannon  
  75  6:23  Photon Cannon  
  75  6:24  Gateway  
  75  6:26  Gateway  
  75  6:28  Gateway  
  75  6:35  Gateway  
  75  6:36  Probe x2  
  77  6:48  Probe x2  
  79  6:57  Assimilator  
  79  6:59  Probe  
  79  7:00  Probe x2, Assimilator  
  79  7:01  Pylon  
  82  7:05  Zealot x3  
  82  7:06  Zealot  
  90  7:21  High Templar  
  90  7:22  High Templar  
  94  7:23  High Templar  
  94  7:25  High Templar  
  94  7:27  High Templar  
  94  7:28  Protoss Ground Weapons Level 2 (Chrono Boost)  
  94  7:29  High Templar x2  
  104  7:34  Archon x3  
  104  7:37  Probe x2  
  104  7:38  Probe  
  107  7:49  Probe x2  
  107  7:50  Probe  
  110  7:55  High Templar  
  110  7:56  High Templar  
  110  7:58  High Templar  
  116  8:02  Archon  
  116  8:03  Archon  
  120  8:05  Immortal  
  120  8:10  Nexus  
  120  8:11  Pylon  
  120  8:13  Pylon  
  120  8:17  High Templar, Assimilator  
  122  8:20  Zealot x2  
  122  8:21  Zealot  
  122  8:22  Assimilator  
  122  8:24  Pylon  
  128  8:41  High Templar  
  130  8:43  Zealot x3  
  130  8:44  Zealot x2  
  130  8:45  Immortal  
  144  8:53  Pylon  
  144  8:56  Pylon  
  144  8:59  Pylon  
  144  9:06  Photon Cannon  
  144  9:11  Photon Cannon  
  144  9:14  Photon Cannon  
  144  9:17  Photon Cannon  
  148  9:24  Immortal (Chrono Boost)  
  148  9:31  High Templar x3  
  148  9:32  High Templar x3  
  148  9:35  Zealot  
  162  9:39  Archon x3  
  162  9:49  Pylon  
  162  10:00  Immortal (Chrono Boost)  
  166  10:17  High Templar x2  
  166  10:18  High Templar x3  
  166  10:19  High Templar  
  178  10:22  Zealot  
  178  10:25  Archon  
  178  10:26  Archon  
  178  10:27  Archon  
  180  10:45  Immortal  
  179  10:57  Gateway  
  179  10:58  Gateway  
  179  11:01  Gateway  
  179  11:04  Gateway  
  179  11:07  High Templar x6  
  179  11:09  Zealot  
  193  11:12  Archon x2  
  193  11:13  Archon x2  
  193  11:25  Immortal (Chrono Boost)  
  187  12:14  Zealot x5  
  187  12:15  Zealot x3  
  195  12:16  Zealot  
Show
View Real Time Build Order
Export as new Build Order

Player 2 Zerg 

Build Orders: Hatch First 

Get SALT Encoding   

  12  0:00  Drone  
  13  0:13  Overlord  
  13  0:18  Drone  
  14  0:31  Drone  
  14  0:34  Drone  
  16  0:36  Drone  
  17  0:54  Hatchery  
  17  0:56  Drone  
  17  1:13  Spawning Pool  
  17  1:14  Drone  
  17  1:18  Drone  
  17  1:22  Extractor  
  17  1:23  Drone  
  18  1:31  Overlord  
  18  1:59  Queen  
  18  2:00  Zergling x2  
  21  2:02  Roach Warren, Zergling x2  
  21  2:03  Extractor  
  21  2:05  Drone  
  21  2:10  Drone  
  22  2:42  Roach  
  22  2:43  Extractor  
  22  2:44  Drone  
  24  2:48  Overlord  
  24  3:00  Drone  
  24  3:01  Lair, Roach  
  27  3:16  Drone  
  27  3:19  Drone, Roach  
  31  3:22  Drone  
  31  3:26  Drone  
  33  3:30  Drone  
  34  3:38  Overlord, Roach  
  36  3:42  Drone  
  37  4:02  Infestation Pit  
  36  4:03  Hydralisk Den  
  35  4:12  Drone  
  35  4:15  Drone  
  37  4:18  Drone  
  37  4:22  Drone  
  39  4:25  Drone  
  39  4:31  Overlord, Hydralisk  
  40  4:35  Drone  
  40  4:38  Drone  
  44  4:41  Drone  
  44  4:44  Drone  
  46  4:47  Drone  
  46  4:50  Drone, Infestor  
  50  4:53  Drone  
  50  4:56  Drone  
  50  4:59  Overlord  
  52  5:05  Drone  
  53  5:10  Drone  
  53  5:12  Hydralisk, Drone  
  57  5:15  Drone  
  57  5:18  Drone  
  57  5:21  Overlord  
  59  5:27  Drone  
  60  5:32  Drone  
  61  5:37  Drone  
  61  5:42  Overlord  
  62  5:45  Drone, Roach  
  62  5:48  Drone  
  66  5:53  Overseer  
  66  5:54  Overseer  
  66  6:00  Baneling Nest, Drone  
  66  6:02  Overlord  
  66  6:03  Drone  
  67  6:04  Hydralisk  
  67  6:10  Drone, Evolution Chamber  
  69  6:11  Spore Crawler  
  69  6:15  Spore Crawler  
  69  6:16  Drone  
  68  6:19  Spore Crawler, Drone  
  68  6:22  Drone  
  68  6:23  Hydralisk, Spore Crawler  
  70  6:27  Drone  
  70  6:29  Queen  
  70  6:31  Drone  
  74  6:37  Overlord  
  74  6:40  Spine Crawler  
  74  6:42  Drone  
  74  6:43  Spine Crawler  
  73  6:48  Drone, Spine Crawler  
  73  6:49  Roach  
  73  6:51  Drone  
  73  6:53  Spine Crawler  
  75  6:54  Drone  
  75  6:56  Queen  
  78  7:06  Spire  
  78  7:07  Drone, Roach  
  78  7:08  Evolution Chamber  
  79  7:10  Drone  
  80  7:25  Infestor  
  82  7:44  Drone, Extractor, Roach  
  84  8:06  Drone  
  85  9:58  Overseer, Pneumatized Carapace  
  85  9:59  Hydralisk, Overlord x2  
  87  10:00  Zerg Ground Armor Level 1, Zerg Melee Weapons Level 1  
  87  10:01  Burrow  
  87  10:07  Hatchery  
  86  10:31  Zergling x2  
  85  10:43  Hive  
  85  10:44  Hydralisk  
  83  10:51  Hydralisk  
  83  10:54  Overseer  
  61  10:57  Hydralisk  
  61  11:04  Hydralisk  
  67  11:11  Roach  
  67  11:17  Roach  
  69  11:20  Drone  
  69  11:23  Drone  
  69  11:24  Roach  
  75  11:26  Drone  
  75  11:29  Drone  
  75  11:30  Roach  
  75  11:32  Drone, Extractor  
  79  11:35  Drone  
  79  11:38  Drone, Zergling x2  
  79  11:39  Spore Crawler  
  80  11:40  Spore Crawler, Drone  
  80  11:41  Extractor  
  80  11:43  Drone, Queen  
  80  11:44  Hydralisk  
  80  11:46  Drone, Overseer  
  67  11:51  Roach  
  69  11:54  Queen  
  69  11:57  Hydralisk  
  69  11:59  Drone, Ultralisk Cavern  
  52  12:02  Drone  
  52  12:04  Hydralisk, Spine Crawler  
  52  12:05  Drone  
  52  12:07  Spine Crawler  
  49  12:08  Drone  
  49  12:11  Roach  
  47  12:15  Drone  
  47  12:17  Hydralisk, Overseer  
  47  12:18  Queen  
  42  12:22  Ultralisk Cavern  
  42  12:23  Drone  
  42  12:25  Drone  
  42  12:28  Drone  
  38  12:31  Drone  
  34  12:37  Overseer  
  34  12:38  Roach  
  33  12:49  Drone  
  33  12:51  Overlord  
Tags
 
Add a new tag
Caveats
  • Supply blocks, unpowered buildings, or Contaminate may cause inaccurate times.
  • Supply counts are checked every 10 seconds.